 Dungeon Crawl Stone Soup version 0.32-a0-918-g0f22ef8d61 (webtiles) character file.

Game seed: 2742179698462758479

233480 Alarak the Marksgoblin (level 19, -1/153 HPs)
             Began as a Coglin Hunter on Apr 10, 2024.
             Was a High Priest of Cheibriados.
             Slain by a spark wasp (19 damage)
             ... on level 4 of the Spider Nest on Apr 11, 2024.
             The game lasted 01:39:14 (30807 turns).

Alarak the Marksgoblin (Coglin Hunter)             Turns: 30807, Time: 01:39:14

Health: -1/153     AC: 39    Str: 26    XL:     19   Next: 57%
Magic:  24/28      EV: 25    Int: 20    God:    Cheibriados [*****.]
Gold:   1488       SH:  0    Dex: 38    Spells: 18/18 levels left

rFire   . . .        e - +6 hand cannon (heavy) {Chisato}
rCold   + . .        X - +3 sling {Kasem}
rNeg    + . .        T - +26 Cigotuvi's embrace {Corpsefed rMiasma ^Drain rN+}
rPois   .            r - +0 helmet
rElec   .            l - scarf {+Inv}
rCorr   +            w - +2 pair of gloves
SInv    .            M - +2 pair of boots of Hide-and-Seek {Regen+ rCorr Int-4 Slay+4}
Will    +....        (amulet unavailable)
Stlth   +            (ring unavailable)
HPRegen 2.05/turn    (ring unavailable)
MPRegen 0.61/turn    J
                       - LR-00 gyroscope {rC+ Regen+ RegenMP+ Slay+3}

%: no passive effects
@: on fire, glowing, revved, very slow
A: off-hand wielding, slow wielding, warmup strikes, no jewellery
}: 1/15 runes: barnacled
a: Renounce Religion, Evoke Invisibility, Bend Time, Temporal Distortion,
Slouch, Step From Time


You were on level 4 of the Spider Nest.
You worshipped Cheibriados.
Cheibriados was extremely pleased with you.
You visited 6 branches of the dungeon, and saw 31 of its levels.
You also visited: Ice Cave.

You collected 3806 gold pieces.
You spent 2318 gold pieces at shops.

Inventory:

Hand Weapons
 e - a +6 heavy hand cannon (weapon) {Chisato}
 X - a +3 sling (offhand) {Kasem}
Missiles
 m - 5 throwing nets
Armour
 c - +0 acid dragon scales
 g - a +0 cloak
 l - a scarf of invisibility (worn)
 r - a +0 helmet (worn)
 w - a +2 pair of gloves (worn)
 A - a +2 pair of boots of flying
 M - the +2 pair of boots of Hide-and-Seek (worn) {Regen+ rCorr Int-4 Slay+4}
   (You found it on level 1 of the Orcish Mines)

   Int-4:     It affects your intelligence (-4).
   Slay+4:    It affects your accuracy & damage with ranged weapons and melee
   (+4).
   Regen+:    It increases your rate of health regeneration.
   rCorr:     It protects you from acid and corrosion.
 R - a scarf of repulsion
 T - the +26 Cigotuvi's embrace (worn) {Corpsefed rMiasma ^Drain rN+}
   (You bought it in a shop on level 2 of the Shoals)

   Corpsefed: It gathers nearby corpses to temporarily increase the armour it
   provides.
   rMiasma:   It protects you from foul pestilence.
   rN+:       It protects you from negative energy.
   ^Drain:    It drains your maximum health when unequipped.
Gizmo
 J - a LR-00 gyroscope (installed) {rC+ Regen+ RegenMP+ Slay+3}
   (You invented it yourself on level 5 of the Lair of Beasts)

   [LR-00 gyroscope]

   Slay+3:    It affects your accuracy & damage with ranged weapons and melee
   (+3).
   rC+:       It protects you from cold.
   Regen+:    It increases your rate of health regeneration.
   RegenMP+:  It increases your rate of magic regeneration.
Wands
 i - a wand of flame (53)
 s - a wand of mindburst (60)
 u - a wand of acid (18)
 y - a wand of paralysis (21)
 G - a wand of roots (21)
 V - a wand of digging (6)
Scrolls
 a - a scroll of blinking
 b - 4 scrolls of fog
 j - 4 scrolls of poison
 k - 7 scrolls of amnesia
 o - 8 scrolls of teleportation
 p - a scroll of immolation
 x - a scroll of revelation
 z - a scroll of butterflies
 B - 2 scrolls of vulnerability
 H - 9 scrolls of identify
 L - a scroll of torment
 S - 2 scrolls of enchant armour
Potions
 d - 6 potions of brilliance
 f - 8 potions of lignification
 h - 3 potions of heal wounds
 n - 2 potions of might
 q - 7 potions of haste
 t - 10 potions of curing
 v - a potion of berserk rage
 C - 2 potions of cancellation
 D - 2 potions of enlightenment
 E - 3 potions of magic
 F - a potion of invisibility
 K - a potion of resistance
 N - 5 potions of attraction
 Q - 2 potions of mutation
 U - a potion of ambrosia {unknown}
Miscellaneous
 I - a tin of tremorstones (2/2)
 O - a lightning rod (4/4)
 P - a phial of floods (inert)


   Skills:
 - Level 14.4 Fighting
 - Level 20.1 Ranged Weapons
 - Level 13.0 Armour
 - Level 10.0 Dodging
 - Level 0.7 Stealth
 - Level 13.0 Invocations
 + Level 14.0 Evocations


You had 18 spell levels left.
You didn't know any spells.
Your spell library contained the following spells:

 Spells                   Type           Power      Damage    Failure   Level
 Foxfire                  Conj/Fire      0%         2x1d4     21%         1
 Necrotise                Necr           0%         1d4       21%         1
 Summon Small Mammal      Summ           0%         N/A       21%         1
 Blink                    Tloc           0%         N/A       30%         2
 Cigotuvi's Dreadful Rot  Necr/Alch/Air  0%         N/A       30%         2
 Lesser Beckoning         Tloc           0%         N/A       30%         2
 Momentum Strike          Conj/Tloc      0%         3d8       30%         2
 Static Discharge         Conj/Air       0%         3-3/arc   30%         2
 Sublimation of Blood     Necr           0%         N/A       30%         2
 Call Canine Familiar     Summ           0%         N/A       52%         3
 Dazzling Flash           Conj/Hex       0%         N/A       52%         3
 Fugue of the Fallen      Necr           0%         N/A       52%         3
 Inner Flame              Hex/Fire       0%         N/A       52%         3
 Ozocubu's Armour         Ice            0%         N/A       52%         3
 Sigil of Binding         Hex            0%         N/A       52%         3
 Tukima's Dance           Hex            0%         N/A       52%         3
 Vampiric Draining        Necr           0%         2d6       52%         3
 Volatile Blastmotes      Fire/Tloc      0%         2d10      52%         3
 Airstrike                Air            0%         2d(0-16)  90%         4
 Animate Dead             Necr           0%         N/A       90%         4
 Dimensional Bullseye     Hex/Tloc       0%         N/A       90%         4
 Fulminant Prism          Conj/Alch      0%         3d5       90%         4
 Ignite Poison            Fire/Alch      0%         N/A       90%         4
 Iskenderun's Mystic Bla Conj/Tloc 0%             2d3        (+2d1     90%         4
 Martyr's Knell           Necr/Summ      0%         N/A       90%         4
 Passage of Golubria      Tloc           0%         N/A       90%         4
 Petrify                  Alch/Erth      0%         N/A       90%         4
 Summon Blazeheart Golem  Fire/Summ      0%         N/A       90%         4
 Summon Lightning Spire   Summ/Air       0%         N/A       90%         4
 Borgnjor's Vile Clutch   Necr/Erth      0%         N/A       99%         5
 Curse of Agony           Necr           0%         N/A       99%         5
 Freezing Cloud           Conj/Ice/Air   0%         6-21      99%         5
 Irradiate                Conj/Alch      0%         3d11      99%         5
 Yara's Violent Unravell  Hex/Alch       0%         3d3       99%         5
 Death Channel            Necr           0%         N/A       100%        6
 Plasma Beam              Fire/Air       0%         2x1d10    100%        6
 Starburst                Conj/Fire      0%         6d3       100%        6
 Manifold Assault         Tloc           0%         N/A       100%        7
 Ignition                 Fire           0%         3d3       100%        8
 Maxwell's Capacitive Co  Air            0%         ∞         100%        8


Dungeon Overview and Level Annotations

Branches:
Dungeon (15/15)            Temple (1/1) D:6            Lair (5/5) D:11
 Shoals (4/4) Lair:2       Spider (4/4) Lair:3        Slime (0/5) Lair:4
    Orc (2/2) D:12            Elf (0/3) Orc:2        Vaults (0/5) D:13
 Depths (0/4) D:15          IceCv (visited)

Altars:
Ashenzari
Cheibriados
Dithmenos
Elyvilon
Fedhas
Gozag
Hepliaklqana
Kikubaaqudgha
Makhleb
Nemelex Xobeh
Okawaru
Qazlal
Ru
Sif Muna
Trog
Uskayaw
Vehumet
Wu Jian
Xom
Yredelemnul
Zin
The Shining One
Jiyva

Shops:
D:9 [   D:15 *   Orc:2 *=[!   Shoals:1 :   Shoals:2 [

Portals:
Trove: D:13 (give 2 scrolls of acquirement)


Innate Abilities, Weirdness & Mutations

You can wield a second weapon in your off-hand.
It takes a long time for you to wield or remove held weapons.
Your first few attacks do less damage.
You cannot equip rings or amulets.


Message History

Aim: a boulder beetle (moderately wounded, rolling, 94% to hit)
You shoot a slug. The slug hits the boulder beetle!!!!
You kill the boulder beetle!
Cheibriados appreciates the change of pace.
You shoot a sling bullet. The sling bullet hits the spark wasp.
The spark wasp is lightly wounded.
Your shell of carrion and bone grows thicker.
The liquid fire burns you!
* * * LOW HITPOINT WARNING * * *
You feel sick.
The spark wasp bursts into living lightning!
The living lightning hits you but does no damage.
The spark wasp blinks!
Your Evocations skill increases to level 14!
Activating: Slouch (1% risk of failure)
Press: ? - help, Dir - look around, f - activate You can feel time thicken for a moment.
Cheibriados lowers the support of your attributes as your movement quickens.
The liquid fire burns you!
* * * LOW HITPOINT WARNING * * *
You feel better. The liquid fire burns you!
* * * LOW HITPOINT WARNING * * *
The spark wasp stings you but does no damage.
A spark wasp comes into view.
The spark wasp bursts into living lightning!
The living lightning misses you.
The spark wasp blinks! x2
The spark wasp stings you but does no damage.
Fire: e) +6 hand cannon (heavy) {Chisato}
Press: ? - help, Shift-Dir - straight line, f - spark wasp
Aim: a spark wasp (77% to hit)
You shoot a sling bullet. The sling bullet hits the spark wasp.
The spark wasp is lightly wounded.
You shoot a slug. The slug hits the spark wasp.
The spark wasp is lightly wounded.
The liquid fire burns you!
* * * LOW HITPOINT WARNING * * *
The spark wasp completely misses you. The spark wasp stings you!!
You die...
Cheibriados appreciates the motionlessness of death.

#.......^....##
#......#^....^##
#......#.....#.##
#......^...)#^..#
#...#.............
#......##..........
#.........##.......
#...).#..#y...?.##
#^......#@.....##
#.#.#.#.y○.^.^##
#.......#...###
#............#
#......#..#..#
.^.#.^....#..
^#....^.. .^.
....#... ....


You could see 2 spark wasps.

Vanquished Creatures
  Arachne (Spider:2)
  Mlioglotl (Shoals:1)
  Asterion (Spider:1)
  Polyphemus (Shoals:4)
  3 krakens
  Donald (Spider:1)
  Roxanne (D:14)
  An emperor scorpion (Spider:4)
  A ghost moth (Spider:2)
  2 broodmothers
  A formless jellyfish (Shoals:3)
  The ghost of Seuckur the Spear-Bearer, a journeyman DsGl of Beogh (Orc:1)
  An ironbound preserver (D:13)
  A spark wasp (Spider:4)
  Snorg (Lair:3)
  The ghost of TobyConnect the Destroyer, a journeyman DsCj of Gozag (D:13)
  10 merfolk impalers
  6 merfolk javelineers
  Josephine (Orc:1)
  6 entropy weavers
  2 hydras
  Harold (D:9)
  2 ogre magi (Orc:2)
  A vault guard (D:13)
  4 merfolk avatars
  3 catoblepae
  3 alligator snapping turtles
  9 merfolk aquamancers
  6 centaur warriors
  2 radroaches
  2 ironbound frosthearts (IceCv)
  10 two-headed ogres
  6 satyrs
  10 boulder beetles
  A sphinx skeleton (D:15)
  26 death yaks
  Erica (D:9)
  5 demonic crawlers
  A tengu warrior (D:9)
  A deep troll shaman (Lair:5)
  Urug (Lair:4)
  6 skysharks
  A spark wasp zombie (D:15)
  8 skeletal warriors (D:15)
  2 deep trolls (Orc:2)
  5 pharaoh ants
  9 sea snakes
  4 orb spiders
  A flayed ghost (D:15)
  3 orc knights (D:15)
  3 sun moths
  25 harpies
  A necromancer (D:15)
  3 lindwurms
  11 steelbarb worms
  3 deep elf pyromancers
  16 wolf spiders
  2 oklob plants (Lair:1)
  A deep elf zephyrmancer (D:15)
  11 cyclopes
  23 ugly things
  19 manticores
  26 fauns
  3 orc sorcerers
  4 moths of wrath
  5 meliai
  9 merfolk sirens
  14 elephants (Lair:5)
  A black mamba (shapeshifter) (D:14)
  An ice statue (IceCv)
  5 black mambas
  11 water nymphs
  Maggie (D:9)
  3 torpor snails
  7 cane toads
  An unseen horror (D:12)
  2 gargoyles
  2 rime drakes
  8 komodo dragons
  3 efreet (D:13)
  A kobold demonologist (D:9)
  A freezing wraith (D:15)
  A tengu conjurer (D:11)
  4 harpy zombies (Shoals:2)
  11 trolls
  42 merfolk
  12 polar bears
  A tarantella (shapeshifter) (D:15)
  26 jumping spiders
  5 wind drakes
  Grinder (D:4)
  A hornet (D:11)
  15 tarantellas
  16 dream sheep
  11 blink frogs
  9 snapping turtles
  11 culicivoras
  2 centaur simulacra (D:15)
  A shadow (D:11)
  5 wraiths
  A wyvern (Lair:5)
  11 basilisks
  9 water elementals
  74 yaks
  2 steam dragons
  23 redbacks
  3 vampire mosquitoes (D:13)
  8 wargs
  An acid dragon (D:8)
  11 water moccasins
  2 sky beasts (D:7)
  2 black bears (D:6)
  13 orc warriors
  2 ice beasts (D:6)
  2 manticore zombies (Shoals:2)
  5 boggarts (D:14)
  20 ogres
  30 wolves
  11 centaurs
  A phantom (D:7)
  3 kobold brigands (D:9)
  9 bullfrogs
  4 scorpions
  3 gnoll sergeants
  3 wights (D:9)
  13 killer bees
  4 howler monkeys
  4 electric eels
  2 jellies (D:5)
  2 bombardier beetles
  5 orc priests
  7 hounds
  A sleepcap (D:6)
  A gnoll bouda (D:5)
  3 iguanas
  15 orc wizards
  A statue (D:7)
  8 adders
  11 gnolls
  3 white imps
  6 ufetubi
  A ribbon worm (D:4)
  A dart slug (D:3)
  A dart slug (shapeshifter) (D:15)
  57 orcs
  6 ball pythons
  10 endoplasms
  2 giant cockroaches
  7 goblins
  5 hobgoblins
  3 jackals (D:1)
  8 quokkas
  2 bats
  4 frilled lizards
  21 kobolds
  4 rats
  8 tentacles
1057 creatures vanquished.

Vanquished Creatures (others)
  11 tentacles
11 creatures vanquished.

Grand Total: 1068 creatures vanquished

Notes
Turn   | Place    | Note
-------+----------+-------------------------------------------
     0 | D:1      | Alarak the Coglin Hunter began the quest for the Orb.
     0 | D:1      | Reached XP level 1. HP: 16/16 MP: 1/1
   110 | D:1      | Reached skill level 4 in Ranged Weapons
   110 | D:1      | Reached XP level 2. HP: 18/22 MP: 2/2
   395 | D:1      | Reached XP level 3. HP: 27/27 MP: 3/3
   656 | D:2      | Identified a scroll of acquirement
   656 | D:2      | Acquired a +2 heavy hand cannon
  1092 | D:2      | Reached skill level 5 in Ranged Weapons
  1096 | D:2      | Reached XP level 4. HP: 33/33 MP: 4/4
  1363 | D:2      | Reached XP level 5. HP: 38/38 MP: 5/5
  1519 | D:3      | Reached skill level 6 in Ranged Weapons
  3600 | D:4      | Reached XP level 6. HP: 44/44 MP: 6/6
  3754 | D:4      | Found a hide-covered altar of Uskayaw.
  3756 | D:4      | Found a stormy altar of Qazlal.
  3789 | D:4      | You fall into a shaft and drop 3 floors!
  3825 | D:7      | Noticed a two-headed ogre
  3831 | D:7      | Killed a two-headed ogre
  3832 | D:7      | Reached skill level 9 in Ranged Weapons
  3832 | D:7      | Reached XP level 7. HP: 43/50 MP: 7/7
  3832 | D:7      | Reached XP level 8. HP: 49/56 MP: 8/8
  4238 | D:6      | Reached skill level 10 in Ranged Weapons
  4390 | D:6      | Noticed a wraith
  4393 | D:6      | Reached XP level 9. HP: 61/61 MP: 9/9
  4395 | D:6      | Reached skill level 11 in Ranged Weapons
  4718 | D:5      | Entered Level 5 of the Dungeon
  4735 | D:5      | Acquired 748 gold pieces
  4785 | D:5      | Found a sacrificial altar of Ru.
  4906 | D:5      | Reached skill level 12 in Ranged Weapons
  5089 | D:4      | Noticed Grinder
  5093 | D:4      | Killed Grinder
  6614 | D:6      | Found a staircase to the Ecumenical Temple.
  6620 | Temple   | Entered the Ecumenical Temple
  6929 | D:7      | Identified the +7 flail of Casum {freeze, rF+ Int+4 Stlth-}
  7053 | D:7      | Found a radiant altar of Vehumet.
  7102 | D:7      | Found an ornate altar of the Wu Jian Council.
  7102 | D:7      | Found a broken altar of Ashenzari.
  7321 | D:8      | Reached skill level 13 in Ranged Weapons
  7321 | D:8      | Reached XP level 10. HP: 67/67 MP: 10/10
  8364 | D:8      | Found a shadowy altar of Dithmenos.
  8364 | D:8      | Found a hazy altar of Hepliaklqana.
  8365 | D:8      | Found an ancient bone altar of Kikubaaqudgha.
  8570 | D:9      | Noticed Erica
  8847 | D:9      | Noticed Maggie
  8852 | D:9      | Killed Maggie
  8853 | D:9      | Reached skill level 14 in Ranged Weapons
  9205 | D:9      | Reached skill level 5 in Dodging
  9216 | D:9      | Reached XP level 11. HP: 72/72 MP: 11/11
  9218 | D:9      | Found Erakarat's Antique Armour Shop.
  9227 | D:9      | Bought a pair of embroidered boots for 202 gold pieces
  9247 | D:9      | Killed Erica
  9376 | D:9      | Reached skill level 1 in Armour
  9407 | D:9      | Noticed an orc sorcerer
  9409 | D:9      | Paralysed by an orc sorcerer for 3 turns
  9413 | D:9      | Killed an orc sorcerer
  9693 | D:9      | Noticed a tengu warrior
  9700 | D:9      | Killed a tengu warrior
  9875 | D:9      | Noticed Harold
  9883 | D:9      | Killed Harold
  9884 | D:9      | Reached skill level 5 in Armour
 10070 | D:10     | Entered Level 10 of the Dungeon
 10094 | D:10     | Noticed a manticore
 10099 | D:10     | Killed a manticore
 10359 | D:10     | Found a snail-covered altar of Cheibriados.
 10368 | D:10     | Became a worshipper of Cheibriados the Contemplative
 10733 | D:11     | Found a staircase to the Lair.
 10752 | D:11     | Reached * piety under Cheibriados
 11010 | D:11     | Reached XP level 12. HP: 78/78 MP: 12/12
 11467 | D:12     | Found a staircase to the Orcish Mines.
 11546 | D:12     | Reached skill level 5 in Evocations
 12023 | Lair:1   | Entered Level 1 of the Lair of Beasts
 12234 | Lair:1   | Identified the +1 kite shield of Abuocets {rPois rCorr}
 12268 | Lair:1   | Reached skill level 1 in Invocations
 12586 | Lair:1   | Found a blossoming altar of Fedhas.
 13188 | Lair:2   | Reached ** piety under Cheibriados
 13393 | Lair:2   | Reached skill level 5 in Invocations
 13871 | Lair:2   | Found a staircase to the Shoals.
 14078 | Lair:3   | Reached skill level 5 in Fighting
 14195 | Lair:3   | Reached XP level 13. HP: 91/91 MP: 17/17
 14402 | Lair:3   | Noticed Snorg
 14409 | Lair:3   | Killed Snorg
 14409 | Lair:3   | Reached *** piety under Cheibriados
 14920 | Lair:3   | Reached skill level 10 in Fighting
 14999 | Lair:3   | Found a hole to the Spider Nest.
 15014 | Lair:3   | Reached **** piety under Cheibriados
 15254 | Lair:3   | Identified the +7 war axe of the Gloaming {freeze, *Rage
                  | rC+++ Will+ Str+4}
 15616 | Lair:4   | Found a staircase to the Slime Pits.
 15616 | Lair:4   | Found a viscous altar of Jiyva.
 15621 | Lair:4   | Noticed Urug
 15625 | Lair:4   | Killed Urug
 16690 | Lair:5   | Entered Level 5 of the Lair of Beasts
 16697 | Lair:5   | Reached ***** piety under Cheibriados
 16698 | Lair:5   | Reached XP level 14. HP: 109/110 MP: 18/18
 16698 | Lair:5   | Acquired a LR-00 gyroscope {rC+ Regen+ RegenMP+ Slay+3}
 17136 | Lair:5   | Reached skill level 15 in Ranged Weapons
 17386 | Lair:5   | Reached skill level 16 in Ranged Weapons
 17653 | Lair:5   | Reached ****** piety under Cheibriados
 18321 | Orc:1    | Entered Level 1 of the Orcish Mines
 18408 | Orc:1    | Found a transporter.
 18412 | Orc:1    | Noticed Josephine
 18415 | Orc:1    | Killed Josephine
 18519 | Orc:1    | Noticed Seuckur's ghost (journeyman DsGl)
 18555 | Orc:1    | Found a transporter.
 18635 | Orc:2    | Entered Level 2 of the Orcish Mines
 18711 | Orc:2    | Found a frozen archway.
 18720 | IceCv    | Entered an ice cave
 19460 | IceCv    | Reached XP level 15. HP: 119/119 MP: 19/19
 19665 | IceCv    | Reached skill level 10 in Evocations
 20702 | IceCv    | Identified the +8 falchion of Charity {protect, ^Fragile
                  | rN++ SInv}
 20708 | IceCv    | Identified the +7 shortbow of the Heart {heavy, rElec rC+++
                  | Int-5 Stlth+}
 20979 | Orc:2    | Found a staircase to the Elven Halls.
 21683 | Orc:2    | Found Sogyak's Distillery.
 21685 | Orc:2    | Found Xafitej's Jewellery Emporium.
 21689 | Orc:2    | Found Jedi's General Store.
 21700 | Orc:2    | Found Coitwiaq's Antique Armour Emporium.
 22065 | Orc:2    | Bought a pair of glowing gloves for 262 gold pieces
 22169 | D:13     | Noticed TobyConnect's ghost (journeyman DsCj)
 22172 | D:13     | Found a runed translucent door.
 22394 | D:13     | Found a portal to a secret trove of treasure.
 22541 | D:13     | Found a gate to the Vaults.
 22819 | D:13     | Killed TobyConnect's ghost
 22953 | Orc:1    | Killed Seuckur's ghost
 22954 | Orc:1    | Reached XP level 16. HP: 98/122 MP: 23/23
 22975 | Orc:1    | Identified the +2 pair of boots of Hide-and-Seek {Regen+
                  | rCorr Int-4 Slay+4}
 23101 | D:14     | Reached skill level 10 in Invocations
 23474 | D:14     | Noticed Roxanne
 23478 | D:14     | Killed Roxanne
 23667 | D:15     | Entered Level 15 of the Dungeon
 23773 | D:15     | Identified the +0 halberd of Watchfulness {freeze, rPois
                  | rF- Str+5 SInv}
 24118 | D:15     | Found a staircase to the Depths.
 24169 | D:15     | Found Akote's Assorted Antiques.
 24631 | Shoals:1 | Entered Level 1 of the Shoals
 25175 | Shoals:1 | Noticed Mlioglotl
 25182 | Shoals:1 | Killed Mlioglotl
 25204 | Shoals:1 | Found Kylallel's Book Boutique.
 25227 | Shoals:1 | Bought a manual of Ranged Weapons for 1440 gold pieces
 25459 | Shoals:2 | Reached XP level 17. HP: 131/131 MP: 26/26
 25489 | Shoals:2 | Found Ecka's Armour Shop.
 25498 | Shoals:2 | Bought the +4 Cigotuvi's embrace {Corpsefed rMiasma ^Drain
                  | rN+} for 414 gold pieces
 25498 | Shoals:2 | Found the +4 Cigotuvi's embrace {Corpsefed rMiasma ^Drain
                  | rN+}
 25510 | Shoals:2 | Reached skill level 17 in Ranged Weapons
 25649 | Shoals:2 | Noticed a kraken
 25658 | Shoals:2 | Killed a kraken
 25777 | Shoals:2 | Reached skill level 18 in Ranged Weapons
 26767 | Shoals:3 | Reached skill level 19 in Ranged Weapons
 27121 | Shoals:3 | Identified the +2 flail "Nuuqomoq" {protect, rPois rF- rN+}
 27702 | Shoals:4 | Entered Level 4 of the Shoals
 27710 | Shoals:4 | Reached skill level 20 in Ranged Weapons
 27760 | Shoals:4 | Reached XP level 18. HP: 121/138 MP: 27/27
 27844 | Shoals:4 | Reached skill level 10 in Armour
 27868 | Shoals:4 | Noticed Polyphemus
 27997 | Shoals:4 | Got a barnacled rune of Zot
 28320 | Shoals:4 | Killed Polyphemus
 28564 | Shoals:4 | Identified the +6 quarterstaff of Tafoan {drain, Will++}
 29118 | Spider:1 | Entered Level 1 of the Spider Nest
 29118 | Spider:1 | Noticed Donald
 29123 | Spider:1 | Killed Donald
 29233 | Spider:1 | Identified the ring of Immorality {Fly rF++ SInv}
 29427 | Spider:1 | Noticed Asterion
 29438 | Spider:1 | Killed Asterion
 29585 | Spider:1 | Reached skill level 10 in Dodging
 29875 | Spider:2 | Reached XP level 19. HP: 140/146 MP: 25/28
 29889 | Spider:2 | Noticed Arachne
 29902 | Spider:2 | Killed Arachne
 30630 | Spider:4 | Entered Level 4 of the Spider Nest
 30807 | Spider:4 | Slain by a spark wasp

Illustrated notes

Levels and vault maps discovered:
D:1:      mainiacjoe_arrival_reflecting_pool, layout_rooms
D:2:      layout_loops_cross
D:3:      layout_basic
D:4:      layout_loops_corners, grunt_temple_overflow_open, minmay_cupped,
          uniq_grinder
D:5:      layout_gridville, hangedman_ru_absence, minmay_misc_feat_tower,
          minmay_circle_x
D:6:      layout_loops_ring, minmay_temple_entry_nine_rooms,
          chequers_serial_rivers_small_a, minmay_increasing_density
D:7:      layout_cave_pools, nicolae_overflow_two_pavilions, vehumet_statue,
          chequers_decorated_corner
D:8:      layout_layer_cave, gammafunk_temple_overflow_claw
D:9:      cheibrodos_wizards_tower, layout_basic, serial_corexii_hall,
          corexii_hall_statues_i, corexii_hall_statues_l,
          corexii_hall_statues_u, serial_shops, shop_coins, uniq_erica,
          uniq_maggie, uniq_harold
D:10:     layout_basic, slow_altar_2
D:11:     layout_roguey, lair_entry_dummy
D:12:     layout_irregular_city, orc_0_dummy
D:13:     layout_loops_cross, skrybe_vaults_entry_preservation, enter_trove_5,
          hellmonk_ghost_happy_afterlife
D:14:     layout_cave_pools, hangedman_decor_slide_cut, uniq_roxanne
D:15:     gammafunk_depths_entry_grave, layout_stronghold, serial_shops,
          nicolae_shop_behind_doors, minmay_shattered_shrine
Temple:   nicolae_temple_godzebo
Lair:1:   layout_misc_corridors, hangedman_tree_tricks
Lair:2:   layout_chaotic_city, mainiacjoe_shoals_entry_four_pools
Lair:3:   layout_hall_layers, nicolae_spider_entry_lesser_pyramids,
          nicolae_lair_grazing_beasts [nicolae_sub_lair_graze_edge,
          nicolae_sub_lair_graze_edge, nicolae_sub_lair_graze_edge,
          nicolae_sub_lair_graze_edge], uniq_snorg
Lair:4:   layout_long_grid, slime_entry_1, uniq_urug
Lair:5:   grunt_lair_end_beastmaster, layout_big_grid,
          infiniplex_staircase_pool_2, lemuel_fruit_tree, serial_bayou_shore_b
Shoals:1: layout_shoals, serial_shops, shop, uniq_mlioglotl
Shoals:2: layout_shoals, serial_shops, shop, nicolae_shoals_undead_eyrie
Shoals:3: layout_shoals, nicolae_shoals_aquamancer_cove
Shoals:4: shoals_end_simple, layout_shoals, uniq_polyphemus
Spider:1: layout_spider_delve, uniq_donald, uniq_asterion
Spider:2: layout_spider_delve, uniq_arachne
Spider:3: layout_spider_delve
Spider:4: hellmonk_spider_rune_bug_friends
Orc:1:    layout_caves, gammafunk_ghost_berserking_beasts, uniq_josephine
Orc:2:    st_orc_open, layout_caves, portal_ice_cave_entry_pillars_2

Skill      XL: |  1  2  3  4  5  6  7  8  9 10 11 12 13 14 15 16 17 18 19 |
---------------+----------------------------------------------------------+-----
Ranged Weapons | 4 5 6 9 10 13 14 16 20 | 20.1
Dodging        | 6 7 9 10 | 10.0
Armour         | 8 9 13 | 13.0
Evocations     | 7 9 12 13 14 | 14.0
Invocations    | 5 9 13 | 13.0
Fighting       | 5 10 11 12 14 | 14.4
Stealth        | |  0.7

Action                     |  1- 3 |  4- 6 |  7- 9 | 10-12 | 13-15 | 16-18 | 19-21 || total
---------------------------+-------+-------+-------+-------+-------+-------+-------++-------
   Fire: Sling             |   104 |    75 |   122 |   367 |   544 |   720 |   182 ||  2114
         Hand cannon       |    16 |    75 |   122 |   367 |   544 |   720 |   182 ||  2026
 Invoke: Bend Time         |       |       |       |     1 |     3 |       |       ||     4
         Slouch            |       |       |       |       |     2 |    15 |     7 ||    24
Ability: Invent Gizmo      |       |       |       |       |     1 |       |       ||     1
         Evoke Invisibilit |       |       |       |       |     1 |     3 |       ||     4
  Evoke: Lightning rod     |       |       |       |       |     2 |     1 |       ||     3
         Tin of tremorston |       |       |       |       |     1 |     1 |       ||     2
         Phial of floods   |       |       |       |       |       |     1 |     1 ||     2
    Use: Scroll            |     5 |     5 |    10 |    12 |    14 |     7 |       ||    53
         Potion            |       |       |       |     5 |     5 |     4 |     1 ||    15
 Armour: Leather armour    |     8 |    13 |    32 |       |       |   193 |   137 ||   383
         Steam dragon scal |       |       |       |    53 |       |       |       ||    53
         Troll leather arm |       |       |       |    64 |    69 |       |       ||   133
         Acid dragon scale |       |       |       |       |    77 |    40 |       ||   117
  Dodge: Dodged            |    10 |     7 |    18 |   103 |   257 |   338 |   279 ||  1012

Table legend: (Time is in decaauts)
 A = Elapsed time spent in this place.
 B = Non-inter-level travel time spent in this place.
 C = Inter-level travel time spent in this place.
 D = Time resting spent in this place.
 E = Time spent auto-exploring this place.
 F = Levels seen in this place.
 G = Mean time per level.
                   A        B        C        D        E       F      G
               +--------+--------+--------+--------+--------+-----+--------+
         Total |  42189 |  38856 |   3333 |   7982 |  25901 |  32 | 1318.4 |
       Dungeon |  16964 |  15350 |   1614 |   3052 |  10445 |  15 | 1130.9 |
        Temple |      1 |      0 |      1 |      0 |      0 |   1 |    1.0 |
          Lair |   8926 |   8290 |    636 |   2319 |   5133 |   5 | 1785.2 |
        Shoals |   8020 |   7423 |    597 |    360 |   6007 |   4 | 2005.0 |
   Spider Nest |   2889 |   2799 |     90 |     79 |   2193 |   4 |  722.2 |
  Orcish Mines |   2566 |   2173 |    393 |    663 |   1279 |   2 | 1283.0 |
      Ice Cave |   2820 |   2820 |      0 |   1508 |    843 |   1 | 2820.0 |
               +--------+--------+--------+--------+--------+-----+--------+

Top non-repeatable levels by time:
   IceCv: 2820 daAuts
Shoals:4: 2294 daAuts
  Lair:5: 2262 daAuts
  Lair:3: 2127 daAuts
Shoals:1: 2108 daAuts
Shoals:3: 1958 daAuts
   Orc:2: 1854 daAuts
  Lair:2: 1780 daAuts
Shoals:2: 1660 daAuts
  Lair:4: 1584 daAuts
     D:8: 1542 daAuts
     D:3: 1471 daAuts
    D:13: 1438 daAuts
    D:15: 1428 daAuts
     D:4: 1347 daAuts
